AoeStats
← MarcaTenebrosa

Arena

513537945Analyzed
3v3 RM · 5d ago on Oct 14, 2026· 48m 45s· 6 players
Game mode
Random Map
Map size
Normal (6 player)
Population
200
Speed
Normal
Resources
Standard
Victory
Conquest
Starting age
Dark Age
Ending age
Imperial Age
RankedLock teamsTeams togetherTeam positionsShared explorationLock speedFull tech treeHidden civsTurbo modeCheats
Victory
Defeat
🇲🇽 Spanish · Mexico
869
+12
🇲🇽 Hindustanis · Mexico
831
+14
🇲🇽 Persians · Mexico
763
+17
vs
🇩🇪 Britons · Germany
824
-16
🇹🇷 Magyars · Türkiye
777
-14
🇦🇷 Goths · Argentina
750
-13
golgi
0:41 Loom
10:55 Feudal Age
16:07 Castle Age
14:58 Double-Bit Axe
15:06 Horse Collar
23:57 Fletching
25:02 Murder Holes
36:03 Corvinian Army
41:10 Elite Skirmisher
MarcaTenebrosa
10:44 Feudal Age
15:44 Castle Age
14:32 Stone Mining
15:00 Loom
15:12 Fletching
17:07 Bodkin Arrow
17:47 Double-Bit Axe
22:29 Horse Collar
24:20 Scale Mail Armor
25:39 Forging
28:07 Bow Saw
28:02 Heavy Plow
28:04 Gold Mining
33:55 Imperial Age
35:35 Anarchy
36:38 Chain Mail Armor
36:00 Pikeman
R3w1nd
11:43 Feudal Age
15:33 Castle Age
13:23 Horse Collar
13:38 Double-Bit Axe
17:30 Heavy Plow
17:43 Bow Saw
22:18 Padded Archer Armor
23:39 Loom
25:15 Wheelbarrow
26:04 Stone Mining
26:08 Gold Mining
26:22 Padded Archer Armor
26:13 Fletching
27:08 Hand Cart
27:01 Elite Skirmisher
30:14 Caravan
30:41 Leather Archer Armor
30:22 Bodkin Arrow
30:28 Scale Mail Armor
32:54 Yeomen
35:12 Imperial Age
33:19 Chain Mail Armor
32:53 Gambesons
33:09 Squires
32:30 Pikeman
34:02 Town Watch
34:29 Scale Barding Armor
34:36 Scale Barding Armor
36:23 Conscription
36:47 Gold Shaft Mining
36:51 Elite Longbowman
39:42 Halberdier
40:49 Cavalier
43:04 Ballistics
42:24 Treadmill Crane
43:46 Chemistry
43:19 Ring Archer Armor
42:50 Bracer
43:21 Plate Mail Armor
42:17 Man-at-Arms
PACOsoviet
13:00 Feudal Age
13:21 Double-Bit Axe
13:20 Horse Collar
20:44 Castle Age
20:31 Gold Mining
20:40 Pikeman
23:04 Heavy Plow
26:18 Stone Mining
28:46 Stone Shaft Mining
43:39 Imperial Age
43:41 Gold Shaft Mining
45:04 Elite War Elephant
47:36 Crop Rotation
Cronos6667550
10:25 Feudal Age
11:45 Double-Bit Axe
11:58 Horse Collar
12:10 Gold Mining
16:46 Loom
19:15 Castle Age
20:18 Stone Mining
20:47 Bow Saw
22:37 Gold Shaft Mining
24:06 Forging
24:02 Scale Barding Armor
24:19 Heavy Plow
26:26 Wheelbarrow
26:47 Stone Shaft Mining
29:20 Chain Barding Armor
39:39 Iron Casting
39:36 Hand Cart
39:47 Husbandry
42:30 Bloodlines
44:55 Imperial Age
46:28 Caravan
47:26 Plate Barding Armor
47:52 Blast Furnace
46:14 Heavy Camel Rider
48:03 Imperial Camel Rider
JCHANTR3S
11:34 Feudal Age
15:08 Castle Age
15:06 Double-Bit Axe
15:03 Horse Collar
16:11 Loom
18:09 Bow Saw
18:05 Heavy Plow
19:12 Gold Mining
30:16 Wheelbarrow
32:42 Stone Mining
35:30 Imperial Age
33:58 Hand Cart
35:24 Scale Barding Armor
35:11 Fletching
35:21 Padded Archer Armor
35:34 Capped Ram
38:42 Two-Man Saw
39:49 Ballistics
39:24 Siege Ram
44:35 Elite Skirmisher
45:01 Elite Conquistador
46:19 Cavalier
46:59 Husbandry
48:28 Bodkin Arrow
48:49 Leather Archer Armor
49:12 Guard Tower
49:07 Arrowslits
Connection lost

Rejoining the realm…

Still unreachable

The connection could not be restored.

Session expired

The server has moved on; the page needs a fresh start.